 Dungeon Crawl Stone Soup version 0.30-a0-170-g85af917532 (webtiles) character file.

Game seed: 625784733000965965

364 inmateoo the Ruffian (level 6, 0/55 HPs)
             Began as a Minotaur Monk on Sept 30, 2022.
             Was a Believer of Cheibriados.
             Slain by an orc warrior
             ... wielding a +0 glaive
              (12 damage)
             ... on level 4 of the Dungeon.
             The game lasted 00:03:50 (3417 turns).

inmateoo the Ruffian (Minotaur Monk)                Turns: 3417, Time: 00:03:51

Health: 0/55       AC:  6    Str: 22    XL:     6   Next: 39%
Magic:  0/14       EV: 13    Int: 12    God:    Cheibriados [**....]
Gold:   110        SH:  0    Dex: 18    Spells: 5/5 levels left

rFire   . . .      SeeInvis +      - Unarmed
rCold   . . .      Faith    .    (no shield)
rNeg    . . .      Spirit   +    d - +0 ring mail
rPois   .          Reflect  .    (helmet restricted)
rElec   .          Harm     .    f - +0 cloak
rCorr   .          Rampage  .    (no gloves)
Will    .....                    (no boots)
Stlth   ++........               p - amulet of guardian spirit
HPRegen 0.18/turn                e - ring of magical power
MPRegen 0.14/turn                r - ring of see invisible

@: mighty, very slow
A: horns 2, retaliatory headbutt
a: Renounce Religion, Bend Time


You were on level 4 of the Dungeon.
You worshipped Cheibriados.
Cheibriados was pleased with you.
You visited 1 branch of the dungeon, and saw 4 of its levels.

You collected 233 gold pieces.
You spent 123 gold pieces at shops.

Inventory:

Missiles
 g - a boomerang (quivered)
Armour
 d - a +0 ring mail (worn)
 f - a +0 cloak (worn)
Jewellery
 e - a ring of magical power (left hand)
 p - an amulet of guardian spirit (around neck)
 r - a ring of see invisible (right hand)
Scrolls
 c - a scroll of fear
 h - 2 scrolls of teleportation
Potions
 b - a potion of ambrosia
 i - 2 potions of brilliance {unknown}
 j - 3 potions of mutation {unknown}
 k - a potion of invisibility {unknown}
 l - a potion of attraction {unknown}
 n - a potion of flight
 o - a potion of might


   Skills:
 + Level 4.8 Fighting
 + Level 3.0 Armour
 + Level 4.4 Dodging
 + Level 2.7 Stealth
 * Level 5.3 Unarmed Combat


You had 5 spell levels left.
You didn't know any spells.
Your spell library contained the following spells:

 Spells                   Type           Power      Damage    Failure   Level
 Sublimation of Blood     Necr           0%         N/A       61%         2
 Wereblood                Tmut           0%         N/A       61%         2
 Summon Hydra             Summ           0%         N/A       100%        7


Dungeon Overview and Level Annotations

Branches:
Dungeon (4/15)             Temple (0/1) D:4

Altars:
Ashenzari
Cheibriados
Nemelex Xobeh
Yredelemnul

Shops:
D:3 *==


Innate Abilities, Weirdness & Mutations

You have a pair of horns on your head.
You reflexively headbutt those who attack you in melee.


Message History

You start resting.
HP restored.
You climb downwards.
There is a stone staircase leading up, spattered with blood here.
The orc warrior hits you from afar with a +0 glaive.
The orc warrior hits you from afar with a +0 glaive!
The orc warrior hits you with a +0 glaive!
You see here 8 poisoned darts.
You closely miss the orc warrior. The orc warrior misses you.
You hit the orc warrior.
The orc warrior is lightly wounded.
The orc warrior barely misses you.
You closely miss the orc warrior.
The orc warrior hits you with a +0 glaive.
You hit the orc warrior but do no damage.
The orc warrior barely misses you.
You barely miss the orc warrior. Your headbutt misses the orc warrior.
The orc warrior barely misses you.
You barely miss the orc warrior.
You headbutt the orc warrior, but do no damage.
The orc warrior hits you with a +0 glaive.
You hit the orc warrior but do no damage.
Your headbutt misses the orc warrior. The orc warrior barely misses you.
You furiously retaliate!
You headbutt the orc warrior, but do no damage.
You feel very mighty all of a sudden. The orc warrior misses you.
You closely miss the orc warrior.
You headbutt the orc warrior, but do no damage.
You hit the orc warrior.
The orc warrior is lightly wounded.
The orc warrior closely misses you.
You punch the orc warrior!
The orc warrior is heavily wounded.
The orc warrior hits you with a +0 glaive!!
* * * LOW HITPOINT WARNING * * *
You closely miss the orc warrior. You headbutt the orc warrior!
The orc warrior is severely wounded.
The orc warrior hits you with a +0 glaive!
You die...

#.######..# .#
+.........# .#
#.#.####.###.#
#.#.####.....#
#.#.........##
#[#########.#
#.......###.#########
#..####.#<...........
##+##
##.###@######.## ....
#.....o.##### .....
#..###......#
.....##..####.###.#
..>..'........# #)#
.....#..####..# #)#
.... ##o# ...# #.#
... ##.##.#..# #.# #
.### ##o....#..#
#.#.#


You could see an orc warrior.

Vanquished Creatures
  A black bear (D:4)
  A scorpion (D:4)
  An orc priest (D:3)
  2 orc wizards (D:3)
  A mummy (D:3)
  2 adders
  3 worms (D:2)
  2 dart slugs
  10 orcs
  11 ball pythons
  4 bats
  7 endoplasms
  6 giant cockroaches
  6 goblins
  6 hobgoblins
  3 jackals (D:1)
  5 quokkas
  4 frilled lizards
  4 kobolds
  6 rats
85 creatures vanquished.

Vanquished Creatures (others)
  4 plants (D:4)
4 creatures vanquished.

Grand Total: 89 creatures vanquished

Notes
Turn   | Place    | Note
-------+----------+-------------------------------------------
     0 | D:1      | inmateoo the Minotaur Monk began the quest for the Orb.
     0 | D:1      | Reached XP level 1. HP: 19/19 MP: 0/0
   193 | D:1      | Reached XP level 2. HP: 20/27 MP: 1/1
   391 | D:1      | Reached skill level 1 in Armour
   489 | D:1      | Reached XP level 3. HP: 26/33 MP: 2/2
   975 | D:1      | Found a faded altar of an unknown god.
  1115 | D:2      | Reached skill level 4 in Unarmed Combat
  1301 | D:2      | Reached XP level 4. HP: 39/40 MP: 3/3
  1471 | D:3      | Found a broken altar of Ashenzari.
  1698 | D:3      | Found Byxucs's Assorted Antiques.
  1707 | D:3      | Bought a glowing yellow potion for 24 gold pieces
  1707 | D:3      | Bought a purple potion for 24 gold pieces
  1707 | D:3      | Bought 2 sapphire potions for 48 gold pieces
  1707 | D:3      | Bought a scroll labelled VOINLEU PUAMYA for 27 gold pieces
  1950 | D:3      | Found Jalised's Jewellery Boutique.
  1997 | D:3      | Found Tad Ud Delu's Jewellery Shop.
  2316 | D:3      | Found a snail-covered altar of Cheibriados.
  2330 | D:3      | Reached XP level 5. HP: 29/47 MP: 4/4
  2332 | D:3      | Became a worshipper of Cheibriados the Contemplative
  2332 | D:3      | Reached * piety under Cheibriados
  2332 | D:3      | Reached ** piety under Cheibriados
  2536 | D:4      | Found a sparkling altar of Nemelex Xobeh.
  2713 | D:4      | Noticed a black bear
  2724 | D:4      | Killed a black bear
  2725 | D:4      | Reached skill level 5 in Unarmed Combat
  2725 | D:4      | Reached XP level 6. HP: 34/53 MP: 5/5
  2835 | D:4      | Found a basalt altar of Yredelemnul.
  2846 | D:4      | Noticed an orc warrior
  2860 | D:4      | Found a staircase to the Ecumenical Temple.
  2869 | D:4      | HP: 2/53 [orc warrior/+0 glaive (7)]
  3417 | D:4      | Slain by an orc warrior

Illustrated notes

Levels and vault maps discovered:
D:1:      minmay_arrival_split_and_join, layout_loops_ring,
          hellmonk_ecumenical_altar_zigzags
D:2:      layout_rooms, hangedman_abyss_or_decor_lesser_grid
D:3:      layout_loops_ring, chei_slow_surprise, nicolae_ashenzari_panopticon,
          serial_shops, shop, shop, shop_statue, minmay_crystal_room
D:4:      layout_basic, mainiacjoe_overflow_small_starburst,
          mainiacjoe_overflow_brackets, temple_green, minmay_door_square,
          serial_bayou_ford_a

Skill      XL: |  1  2  3  4  5  6 |
---------------+-------------------+-----
Armour         | 1 2 3 |  3.0
Fighting       | 4 |  4.8
Stealth        | 2 |  2.7
Unarmed Combat | 4 5 |  5.3
Dodging        | 4 |  4.4

Action                   |  1- 3 |  4- 6 || total
-------------------------+-------+-------++-------
Melee: Unarmed           |   112 |   117 ||   229
       Headbutt          |    17 |    25 ||    42
       Punch             |       |     1 ||     1
Throw: Dart              |       |     8 ||     8
  Use: Scroll            |       |    10 ||    10
       Potion            |       |     2 ||     2
Armor: Robe              |     3 |       ||     3
       Ring mail         |    40 |    35 ||    75
Dodge: Dodged            |    83 |    78 ||   161

Table legend: (Time is in decaauts)
 A = Elapsed time spent in this place.
 B = Non-inter-level travel time spent in this place.
 C = Inter-level travel time spent in this place.
 D = Time resting spent in this place.
 E = Time spent auto-exploring this place.
 F = Levels seen in this place.
 G = Mean time per level.
                   A        B        C        D        E       F      G
               +--------+--------+--------+--------+--------+-----+--------+
         Total |   3537 |   3449 |     88 |   1079 |   1666 |   4 |  884.2 |
       Dungeon |   3537 |   3449 |     88 |   1079 |   1666 |   4 |  884.2 |
               +--------+--------+--------+--------+--------+-----+--------+

Top non-repeatable levels by time:
     D:3: 1543 daAuts
     D:1: 1095 daAuts
     D:4: 552 daAuts
     D:2: 346 daAuts
